 Dungeon Crawl Stone Soup version 0.23.2-1-ga50397a (webtiles) character file.

Game seed: 10004247628869125235

1380 xveg the Slinger (level 8, -18/61 HPs)
             Began as a Barachi Hunter on May 8, 2019.
             Was a Believer of Makhleb.
             Killed from afar by Dowan (19 damage)
             ... with a shard of ice
             ... on level 6 of the Dungeon.
             The game lasted 00:12:21 (4818 turns).

xveg the Slinger (Barachi Hunter)                   Turns: 4818, Time: 00:12:22

Health: -18/61     AC:  8    Str: 15    XL:     8   Next: 66%
Magic:  7/7        EV: 11    Int: 11    God:    Makhleb [**....]
Gold:   113        SH:  0    Dex: 12    Spells: 7/7 levels left

rFire    . . .     SeeInvis .   a - +2 hunting sling (velocity)
rCold    . . .     Gourm    .   (no shield)
rNeg     . . .     Faith    .   u - +0 scale mail
rPois    .         Spirit   .   g - +1 helmet
rElec    .         Reflect  .   q - scarf {cloud immunity}
rCorr    .         Harm     .   n - +0 pair of gloves
MR       .....                  (no boots)
Stlth    ..........             (no amulet)
HPRegen  0.00/turn              m - -2 ring of protection (curse)
MPRegen  0.10/turn              (no ring)

@: can't hop, slow
A: +LOS, swims, clumsy 1, low mp 1, sense surroundings 1, slowness 1, inhibited
regeneration, strong legs 1
a: Hop, Minor Destruction, Renounce Religion


You were on level 6 of the Dungeon.
You worshipped Makhleb.
Makhleb was pleased with you.
You were not hungry.

You visited 1 branch of the dungeon, and saw 6 of its levels.

You collected 314 gold pieces.
You spent 201 gold pieces at shops.

Inventory:

Hand Weapons
 a - a +2 hunting sling of velocity (weapon)
 b - a +0 short sword
 C - a +1 hunting sling
Missiles
 e - 31 bolts
 i - 202 stones (quivered)
 v - a throwing net
 B - 13 arrows
Armour
 c - a +0 leather armour
 g - a +1 helmet (worn)
 n - a +0 pair of gloves (worn)
 q - a scarf of cloud immunity (worn)
 t - a scarf of resistance
 u - a +0 scale mail (worn)
Jewellery
 m - a cursed -2 ring of protection (left hand)
Wands
 y - a wand of paralysis (11)
Scrolls
 j - 8 scrolls of identify
 s - 2 scrolls of fear
 A - a scroll of remove curse {unknown}
 D - a scroll of enchant weapon {unknown}
 E - a scroll of random uselessness {unknown}
Potions
 k - a potion of mutation
 l - a potion of flight
 o - a potion of invisibility {unknown}
 p - a potion of lignification {unknown}
 r - 2 potions of agility
 w - a potion of heal wounds {unknown}
 x - a potion of might {unknown}
 z - a potion of curing {unknown}
Comestibles
 f - 10 rations


   Skills:
 + Level 4.3 Fighting
 * Level 9.3 Slings
 * Level 3.7 Armour
 * Level 4.5 Dodging
 + Level 1.3 Stealth


You had 7 spell levels left.
You didn't know any spells.
Your spell library was empty.

Dungeon Overview and Level Annotations

Branches:
Dungeon (6/15)             Temple (0/1) D:5

Altars:
Cheibriados
Kikubaaqudgha
Makhleb
Qazlal
Xom

Shops:
D:5 (

Annotations:
D:6 Dowan


Innate Abilities, Weirdness & Mutations

Shadows flee at your approach. (+LOS)
You can swim through water.
You cover ground slowly.
You can hop short distances.
You are clumsy. (Dex -2)
Your magical capacity is low. (-10% MP)
You passively map a small area around you.
You do not regenerate when monsters are visible.


Message History

The bullfrog is severely wounded.
Dowan hits you with a +0 dagger.
* * * LOW HITPOINT WARNING * * *
Okay, then.
As you read the scroll of fog, it crumbles to dust.
The scroll dissolves into smoke.
Dowan hits you with a +0 dagger.
* * * LOW HITPOINT WARNING * * *
The shadow imp hits you but does no damage.
Dowan hits you but does no damage.
You see here a sling bullet.
It was a potion of mutation.
You feel extremely strange.
You feel less energetic.
Your regeneration stops near monsters.
You feel clumsy.
You feel a strange attunement to the structure of the dungeons.
Dowan hits you with a +0 dagger.
* * * LOW HITPOINT WARNING * * *
The shadow imp hits you but does no damage.
Dowan gestures at you while chanting. The shard of ice hits you!!
You die...

###...###........# * ,
##..............#..## *
#.....†###.##.# .#.,,* *
....##.##..#*, , ....###.##. ,
######>...##* # ....#.....
##..## .# ##....#.#..#*
####..####.# #§§#....<.##* ,
#....##....###§##(..#...
####.##......(.§@eF§...(..
#..........######5§§...#
#.....####.##..§§§#§(..##
########....#.#§###.#.(.#####
#.[##.....# #..(..>....#
#.###..#.## #).........#
#........####..........# *
####..#..........$....(....
####.........[..###..........#


You could see Dowan, a bullfrog and a shadow imp.

Vanquished Creatures
  Menkaure (D:6)
  Duvessa (D:6)
  A phantom (D:5)
  2 ogres (D:4)
  A bullfrog (D:6)
  2 scorpions
  A jelly (D:5)
  2 howler monkeys
  A centaur zombie (D:6)
  2 crimson imps
  2 orc priests (D:4)
  3 hounds (D:4)
  An orc wizard (D:4)
  An iron imp (D:5)
  Jessica (D:2)
  An iguana (D:3)
  3 worker ants
  A worker ant zombie (D:6)
  6 adders
  A howler monkey skeleton (D:5)
  An ooze (D:1)
  6 worms
  2 dart slugs
  4 leopard geckos
  2 orcs
  7 bats
  6 giant cockroaches
  4 goblins
  6 hobgoblins
  18 jackals
  4 quokkas
  3 frilled lizards
  6 kobolds
  A leopard gecko skeleton (D:4)
  A quokka skeleton (D:4)
  8 rats
113 creatures vanquished.

Notes
Turn   | Place    | Note
-------+----------+-------------------------------------------
     0 | D:1      | xveg the Barachi Hunter began the quest for the Orb.
     0 | D:1      | Reached XP level 1. HP: 17/17 MP: 1/1
    70 | D:1      | Reached XP level 2. HP: 23/23 MP: 2/2
    75 | D:1      | Reached skill level 1 in Stealth
   311 | D:1      | Reached XP level 3. HP: 28/28 MP: 3/3
   509 | D:1      | You fall through a shaft!
   910 | D:2      | Found a shimmering altar of Xom.
   910 | D:2      | Found a burning altar of Makhleb.
   938 | D:2      | Reached skill level 5 in Slings
   973 | D:2      | Noticed Jessica
   975 | D:2      | Killed Jessica
   975 | D:2      | Reached XP level 4. HP: 35/35 MP: 4/4
  1249 | D:2      | Became a worshipper of Makhleb the Destroyer
  1520 | D:3      | Reached XP level 5. HP: 40/41 MP: 5/5
  1632 | D:3      | Reached * piety under Makhleb
  1708 | D:3      | Found an ancient bone altar of Kikubaaqudgha.
  1801 | D:3      | Reached skill level 6 in Slings
  2005 | D:3      | Reached skill level 1 in Armour
  2005 | D:3      | Reached XP level 6. HP: 36/47 MP: 6/6
  2574 | D:4      | HP: 1/47 [ogre/+0 giant spiked club (18)]
  2576 | D:4      | Reached skill level 7 in Slings
  2990 | D:4      | Reached XP level 7. HP: 52/52 MP: 7/7
  3289 | D:4      | Reached skill level 8 in Slings
  3609 | D:5      | Entered Level 5 of the Dungeon
  3855 | D:5      | Reached ** piety under Makhleb
  3879 | D:5      | Found Biceozxe's Weapon Shoppe.
  3882 | D:5      | Bought 13 arrows for 31 gold pieces
  3882 | D:5      | Bought a +2 hunting sling of velocity for 170 gold pieces
  3972 | D:5      | Found a staircase to the Ecumenical Temple.
  4065 | D:5      | Reached XP level 8. HP: 60/60 MP: 8/8
  4125 | D:5      | Found a stormy altar of Qazlal.
  4191 | D:5      | Found a snail-covered altar of Cheibriados.
  4767 | D:6      | Noticed Menkaure
  4780 | D:6      | Killed Menkaure
  4780 | D:6      | Reached skill level 9 in Slings
  4791 | D:6      | Noticed Dowan
  4791 | D:6      | Noticed Duvessa
  4810 | D:6      | Killed Duvessa
  4818 | D:6      | Gained mutation: Your magical capacity is low. (-10% MP)
                  | [potion of mutation]
  4818 | D:6      | Gained mutation: You do not regenerate when monsters are
                  | visible. [potion of mutation]
  4818 | D:6      | Gained mutation: You are clumsy. (Dex -2) [potion of
                  | mutation]
  4818 | D:6      | Gained mutation: You passively map a small area around you.
                  | [potion of mutation]
  4818 | D:6      | HP: 1/61 [Dowan/+0 dagger (4)]
  4818 | D:6      | Killed from afar by Dowan

Skill      XL: |  1  2  3  4  5  6  7  8 |
---------------+-------------------------+-----
Stealth        | 1 |  1.3
Slings         | 5 6 7 8 9 |  9.3
Fighting       | 3 4 |  4.3
Armour         | 1 2 3 |  3.7
Dodging        | 3 4 |  4.5

Action                   |  1- 3 |  4- 6 |  7- 9 || total
-------------------------+-------+-------+-------++-------
 Fire: Hunting sling     |    77 |   153 |   177 ||   407
Invok: Minor Destruction |       |       |     1 ||     1
 Abil: Hop               |       |       |     2 ||     2
  Use: Scroll            |     3 |     2 |     5 ||    10
       Potion            |       |       |     1 ||     1
  Eat: Chunk             |       |     3 |       ||     3
       Ration            |       |     2 |     1 ||     3
Armor: Leather armour    |     2 |     6 |       ||     8
       Scale mail        |       |     3 |    19 ||    22
Dodge: Dodged            |     4 |    26 |    21 ||    51
